 Dungeon Crawl Stone Soup version 0.31.0-11-ge490571c62 (webtiles) character file.

Game seed: 15638535749117533419

343738 ggggg the Brawler (level 21, -5/248 HPs)
             Began as a Grey Draconian Shapeshifter on Feb 6, 2024.
             Was the Champion of Qazlal.
             Killed from afar by a starcursed mass (11 damage)
             ... with an accursed screaming
             ... on level 6 of the Abyss.
             The game lasted 02:02:12 (42964 turns).

ggggg the Brawler (Grey Draconian Shapeshifter)    Turns: 42964, Time: 02:02:12

Health: -5/248     AC: 39    Str: 38    XL:     21   Next: 13%
Magic:  11/27      EV: 17    Int: 12    God:    Qazlal [******]
Gold:   3537       SH: 35    Dex: 12    Spells: 20/20 levels left

rFire   . .          .
                       - Unarmed
rCold   x . .        H - +3 tower shield
rNeg    + . .        (body armour unavailable)
rPois   ∞            z - +4 hat of Qaimatt {Str+7}
rElec   +            E - +1 cloak {Stlth+}
rCorr   .            u - melded +2 pair of gloves
SInv    .            (boots currently unavailable)
Will    +....        R - amulet of reflection
Stlth   +            Q - +6 ring of strength
HPRegen 1.41/turn    j - +4 ring of protection
MPRegen 0.20/turn

%: repel missiles, reflection
@: statue-form, silenced (expiring), invisible (expiring), very slow
A: slow and powerful, torment resistance 1, boosted hp, AC +16, amphibious,
unfitting armour, cold-blooded, hooves 1, regeneration 1, cold vulnerability 1,
subdued magic 2
}: 2/15 runes: barnacled, gossamer
a: Begin Untransformation, Renounce Religion


You were on level 6 of the Abyss.
You worshipped Qazlal.
Qazlal was exalted by your worship.
You were a living statue of rough stone.
You visited 8 branches of the dungeon, and saw 36 of its levels.
You visited the Abyss 3 times.
You also visited: Gauntlet and Ice Cave.

You collected 4397 gold pieces.
You spent 860 gold pieces at shops.

Inventory:

Missiles
 n - 7 silver javelins
Armour
 c - a scarf of invisibility
 d - a +2 kite shield of reflection
 u - a +2 pair of gloves (melded)
 z - the +4 hat of Qaimatt (worn) {Str+7}
   (You acquired it on level 5 of the Lair of Beasts)

   Str+7:     It affects your strength (+7).
 E - a +1 cloak of stealth (worn)
 H - a +3 tower shield (worn)
Jewellery
 h - a +6 ring of intelligence
 i - a ring of see invisible
 j - a +4 ring of protection (right fist)
 A - a +4 ring of protection
 C - the ring of Tempters {rPois rCorr Stlth+}
   (You acquired it on level 11 of the Dungeon)

   [ring of poison resistance]

   rPois:     It protects you from poison rCorr: It protects you from acid and
   corrosion.
   Stlth+:    It makes you more stealthy.
 G - a +5 ring of evasion
 O - a ring of protection from fire
 Q - a +6 ring of strength (left fist)
 R - an amulet of reflection (around neck)
Talismans
 t - a granite talisman (active)
 w - a blade talisman
 K - a serpent talisman
 Z - a maw talisman
Wands
 f - a wand of flame (90) (quivered)
 s - a wand of polymorph (8)
 v - a wand of iceblast (31)
 B - a wand of digging (11)
 D - a wand of charming (59)
 P - a wand of quicksilver (11)
 V - a wand of mindburst (15)
Scrolls
 l - 3 scrolls of poison
 o - 6 scrolls of enchant weapon
 p - 3 scrolls of enchant armour
 y - a scroll of amnesia
 F - 2 scrolls of fog
 M - 2 scrolls of immolation
 S - a scroll of brand weapon
 X - 5 scrolls of fear
Potions
 a - 2 potions of haste
 b - 3 potions of might
 e - 3 potions of attraction
 q - a potion of mutation
 r - 7 potions of enlightenment
 J - a potion of invisibility
 L - a potion of berserk rage
 N - 3 potions of resistance
 T - 4 potions of ambrosia
 Y - 3 potions of lignification
Miscellaneous
 I - a box of beasts (inert)
 W - a lightning rod (4/4)


   Skills:
 + Level 17.2 Fighting
 + Level 14.6 Dodging
 + Level 16.6 Shields
 + Level 20.8 Unarmed Combat
 - Level 8.6 Invocations
 + Level 5.8 Evocations
 * Level 18.1 Shapeshifting


You had 20 spell levels left.
You didn't know any spells.
Your spell library contained the following spells:

 Spells                   Type           Power      Damage    Failure   Level
 Kiss of Death            Conj/Necr      0%         2d5       41%         1
 Slow                     Hex            0%         N/A       41%         1
 Summon Small Mammal      Summ           0%         N/A       41%         1
 Blink                    Tloc           0%         N/A       54%         2
 Cigotuvi's Dreadful Rot  Necr/Alch/Air  0%         N/A       54%         2
 Ensorcelled Hibernation  Hex/Ice        0%         N/A       54%         2
 Lesser Beckoning         Tloc           0%         N/A       54%         2
 Momentum Strike          Conj/Tloc      0%         3d8       54%         2
 Scorch                   Fire           0%         2d5       54%         2
 Call Canine Familiar     Summ           0%         N/A       80%         3
 Confusing Touch          Hex            0%         N/A       80%         3
 Gell's Gravitas          Tloc           0%         N/A       80%         3
 Inner Flame              Hex/Fire       0%         N/A       80%         3
 Passwall                 Erth           0%         N/A       80%         3
 Sigil of Binding         Hex            0%         N/A       80%         3
 Swiftness                Air            0%         N/A       80%         3
 Teleport Other           Tloc           0%         N/A       80%         3
 Tukima's Dance           Hex            0%         N/A       80%         3
 Vampiric Draining        Necr           0%         2d6       80%         3
 Dimensional Bullseye     Hex/Tloc       0%         N/A       99%         4
 Dispel Undead            Necr           0%         3d6       99%         4
 Flame Wave               Conj/Fire      0%         2d4       99%         4
 Ignite Poison            Fire/Alch      0%         N/A       99%         4
 Iskenderun's Mystic Bla  Conj/Tloc      0%         2d3       99%         4
 Leda's Liquefaction      Alch/Erth      0%         N/A       99%         4
 Martyr's Knell           Necr/Summ      0%         N/A       99%         4
 Olgreb's Toxic Radiance  Alch           0%         N/A       99%         4
 Sticky Flame             Fire/Alch      0%         2d4       99%         4
 Summon Blazeheart Golem  Fire/Summ      0%         N/A       99%         4
 Summon Lightning Spire   Summ/Air       0%         N/A       99%         4
 Vhi's Electric Charge    Tloc/Air       0%         N/A       99%         4
 Borgnjor's Vile Clutch   Necr/Erth      0%         N/A       100%        5
 Lee's Rapid Deconstruct  Erth           0%         3d4*      100%        5
 Silence                  Hex/Air        0%         N/A       100%        5
 Bombard                  Conj/Erth      0%         9d1       100%        6
 Conjure Ball Lightning   Conj/Air       0%         3x3d6     100%        6
 Death Channel            Necr           0%         N/A       100%        6
 Summon Cactus Giant      Summ           0%         N/A       100%        6
 Malign Gateway           Summ/Tloc      0%         N/A       100%        7
 Ozocubu's Refrigeration  Ice            0%         4d7       100%        7
 Discord                  Hex            0%         N/A       100%        8
 Disjunction              Tloc           0%         N/A       100%        8
 Ignition                 Fire           0%         3d3       100%        8
 Infestation              Necr           0%         N/A       100%        8


Dungeon Overview and Level Annotations

Branches:
Dungeon (15/15)            Temple (0/1) D:4            Lair (5/5) D:11
 Shoals (4/4) Lair:2       Spider (4/4) Lair:3        Slime (2/5) Lair:4
    Orc (2/2) D:11            Elf (3/3) Orc:2        Vaults (0/5) D:13
 Depths (1/4) D:15          IceCv (visited)         Gauntlet (visited)

Altars:
Dithmenos
Fedhas
Gozag
Makhleb
Nemelex Xobeh
Okawaru
Qazlal
Sif Muna
Xom
Yredelemnul

Shops:
D:1 [   D:13 [::   D:14 ?   Orc:2 [[[(   Elf:1 !   Elf:2 [   Shoals:2 [(
Shoals:3 [[!(*

Portals:
Hell: Depths:1
Trove: D:13 (give +2 fire dragon scales)

Annotations:
Orc:1 2 transporters
Depths:1 3 runed translucent doors, exclusion: obsidian statue, Jimoer's ghost, adept DsHu


Innate Abilities, Weirdness & Mutations

You are a living statue of rough stone.
Your actions are slow, but your melee attacks are powerful.
You are resistant to unholy torment.
Your maximum health is greatly increased.
Your equipment is partially melded.
((Your dull iron-grey scales are very hard. (AC +16)))
You are amphibious.
You cannot fit into any form of body armour.
You are immune to poison.
You are cold-blooded and may be slowed by cold attacks.
You have large cloven feet.
Your natural rate of healing is unusually fast.
You are vulnerable to cold. (rC-)
Your spells are easier to cast, but less powerful.


Message History

Qazlal accepts your kill.
Okay, then.
You block the starcursed mass's attack. x2; A starcursed mass splits.
A chorus of shrieks assaults your mind.
* * * LOW HITPOINT WARNING * * *
The ancient zyme is engulfed in freezing vapours.
The ancient zyme completely misses you. You block the ancient zyme's attack.
Things that are here:
a +2 scimitar of holy wrath; a +0 tower shield
Okay, then.
Aiming: Charm
Press: ? - help, Shift-Dir - straight line, f - ancient zyme
Aim: an ancient zyme (freezing vapour, silenced, moderately damaged, unable to see you, chance to affect: 28%)
Okay, then.
Unknown command.
You feel better.
The starcursed mass touches you but does no damage. x2
The ancient zyme is engulfed in freezing vapours.
You block the ancient zyme's attack. x2
You block the starcursed mass's attack.
You strike the helpless ancient zyme from behind!
You pulverise the ancient zyme!!!!
You destroy the ancient zyme!
Qazlal accepts your kill.
You feel a little less mighty now. You block the starcursed mass's attack.
A chorus of shrieks assaults your mind.
* * * LOW HITPOINT WARNING * * *
The starcursed mass touches you but does no damage.
You block the starcursed mass's attack. x2
The starcursed mass touches you but does no damage.
You block the starcursed mass's attack.
You flicker for a moment.
A deafening chorus of shrieks assaults your mind!
* * * LOW HITPOINT WARNING * * *
You block the starcursed mass's attack. x2
There is a gateway leading out of the Abyss here.
You block the starcursed mass's attack.
A deafening chorus of shrieks assaults your mind!
You die...

.# # #
. . # .
.. . #
# ## .
. #.
.#X# #
... .#
..xh.#
. .#
###X##
.
#.XXX#
#
#.#X8#
3# .#
#####.#
# ###


You could see 5 starcursed masses, a hell hog (wandering, unable to see you), an
ancient zyme (wandering, unable to see you) and a large abomination (wandering,
unable to see you).

Vanquished Creatures
  2 dread liches (Abyss:6)
  A juggernaut (Orc:1)
  Saint Roka (Depths:1)
  Nikola (Shoals:1)
  2 bone dragons (Abyss:6)
  A tentacled monstrosity (Abyss:6)
  Mlioglotl (Shoals:1)
  Rupert (Orc:2)
  A deep elf blademaster (Elf:3)
  A walking crystal tome (Abyss:6)
  2 deep elf master archers (Elf:3)
  An acid blob (Abyss:5)
  6 tentacled starspawn
  An Executioner (Abyss:5)
  3 krakens (Shoals:3)
  Aizul (Elf:1)
  Donald (Shoals:1)
  An azure jelly (Slime:1)
  A daeva (Abyss:6)
  Ilsuiw (Shoals:4)
  2 fire giants
  4 deep elf sorcerers
  7 ghost moths
  6 emperor scorpions
  Louise (Spider:3)
  A frost giant (Depths:1)
  3 orc warlords
  A curse skull (Elf:2)
  A shard shrike simulacrum (Abyss:5)
  4 deep elf elementalists (Elf:3)
  2 quicksilver oozes (Slime:1)
  3 broodmothers
  The ghost of shadowrider38 the Unseen, an adept SpEn of Ashenzari (Spider:2)
  10 very ugly things
  A caustic shrike skeleton (Abyss:5)
  5 stone giants
  5 deep elf death magi
  A vampire knight (Depths:1)
  2 deep elf demonologists (Elf:3)
  Nessos (D:15)
  Azrael (Orc:2)
  8 deep elf annihilators (Elf:3)
  A minotaur (Gauntlet)
  2 spark wasps
  An ettin (D:11)
  A blizzard demon (Abyss:5)
  5 crystal guardians
  An eidolon (Abyss:6)
  Josephine (D:15)
  A jiangshi (Elf:2)
  9 merfolk impalers
  3 merfolk javelineers
  4 fire dragons
  2 deep elf high priests (Elf:3)
  3 entropy weavers
  Harold (D:10)
  Erolcha (D:9)
  5 ice dragons
  A spriggan air mage (D:15)
  3 merfolk avatars
  2 jorogumos
  2 catoblepae
  4 hydras
  9 two-headed ogres
  2 caustic shrike simulacra (IceCv)
  5 centaur warriors
  An anaconda (Abyss:6)
  3 alligator snapping turtles
  2 radroaches
  An ogre mage (D:15)
  2 satyrs
  6 boulder beetles
  3 merfolk aquamancers (Shoals:4)
  A deep troll earth mage (Depths:1)
  3 death yaks (D:11)
  28 dancing weapons
  3 hell hogs (Abyss:6)
  A tengu warrior (D:8)
  A vampire mage (Elf:2)
  2 deep troll shamans (Depths:1)
  16 thrashing horrors
  2 naga warriors (Abyss:4)
  8 orc high priests
  7 demonic crawlers
  Sonja (Lair:1)
  Urug (Lair:4)
  17 deep elf knights
  6 skysharks
  Nergalle (D:11)
  A sun demon (Depths:1)
  A sixfirhy (Abyss:5)
  2 wretched stars
  3 iron trolls
  2 arcanists
  7 skeletal warriors
  2 glowing orange brains
  7 pharaoh ants
  A flayed ghost (D:15)
  10 sea snakes
  12 orb spiders
  6 sun moths
  3 deep trolls
  A swamp dragon (Lair:5)
  8 large abominations
  2 obsidian statues (IceCv)
  3 spriggan simulacra (IceCv)
  A bog body (IceCv)
  6 deep elf archers
  5 steelbarb worms
  3 phantasmal warriors
  8 orc knights
  A necromancer (D:13)
  16 harpies
  6 starcursed masses
  An oklob plant (D:11)
  2 lindwurms (Lair:5)
  Maurice (D:7)
  Pikel (D:6)
  22 deep elf pyromancers
  22 deep elf zephyrmancers
  A shining eye (Slime:1)
  10 wolf spiders
  25 ugly things
  17 manticores
  A worldbinder (Abyss:5)
  7 cyclopes
  7 orc sorcerers
  7 fauns
  12 merfolk sirens
  8 elephants
  8 black mambas
  A moth of wrath (shapeshifter) (D:15)
  A centaur zombie (D:10)
  3 moths of wrath
  9 meliai
  An elephant (shapeshifter) (Depths:1)
  5 kobold blastminers (Orc:2)
  A guardian serpent (Abyss:4)
  A molten gargoyle (Lair:5)
  22 slime creatures
  5 water nymphs
  6 torpor snails
  A gargoyle (D:12)
  Maggie (D:8)
  14 cane toads
  2 smoke demons
  3 kobold demonologists
  An efreet (D:14)
  9 komodo dragons
  An unseen horror (D:11)
  A tengu conjurer (Depths:1)
  An ancient zyme (Abyss:6)
  2 golden dragon simulacra (IceCv)
  5 rime drakes
  6 freezing wraiths (IceCv)
  9 trolls
  A queen bee (shapeshifter) (Elf:2)
  4 harpy zombies (Shoals:4)
  13 hornets
  A troll (shapeshifter) (Abyss:4)
  3 tyrant leeches (Lair:5)
  6 wind drakes
  Grinder (D:3)
  29 merfolk
  21 tarantellas
  4 polar bears
  3 blink frogs (Lair:2)
  9 raiju
  12 snapping turtles
  A raiju (shapeshifter) (D:14)
  4 dream sheep (Shoals:1)
  12 water elementals
  Sigmund (D:3)
  26 culicivoras
  27 jumping spiders
  6 wyverns
  45 yaks
  An air elemental (Elf:1)
  4 wraiths
  3 centaur simulacra
  10 small abominations
  3 fire bats (D:11)
  12 basilisks
  7 fire elementals
  A vampire (Elf:2)
  2 steam dragons (Lair:5)
  16 humans
  3 golden eyes (Abyss:5)
  A neqoxec (Abyss:4)
  5 wargs
  10 vampire mosquitoes
  A chaos spawn (Abyss:6)
  Edmund (D:6)
  51 redbacks
  A hydra simulacrum (IceCv)
  A hell hound (Orc:2)
  6 acid dragons
  15 water moccasins
  7 ice beasts
  Pargi (D:3)
  45 orc warriors
  2 sky beasts
  4 swamp drakes (Lair:5)
  4 black bears
  14 ogres
  5 boggarts
  A boggart (shapeshifter) (D:15)
  A manticore zombie (Shoals:4)
  3 laughing skulls
  14 wolves
  8 centaurs
  2 lemures (D:6)
  2 elf simulacra (Elf:2)
  9 kobold brigands
  8 bullfrogs
  A brain worm (Abyss:4)
  4 weeping skulls (Elf:2)
  A deep troll simulacrum (IceCv)
  2 earth elementals
  3 gnoll sergeants
  2 scorpions
  8 wights
  6 killer bees (D:10)
  4 electric eels
  6 howler monkeys
  2 bombardier beetles
  A quasit (Abyss:4)
  A wyvern simulacrum (D:8)
  3 hounds
  A gnoll bouda (D:3)
  6 jellies
  38 orc priests
  Ijyb (D:5)
  A sleepcap (D:8)
  9 iguanas
  27 orc wizards
  A howler monkey zombie (D:10)
  22 gnolls
  9 adders
  2 shadow imps
  5 white imps
  4 ufetubi
  2 dart slugs
  2 ribbon worms (D:2)
  99 orcs
  3 bats
  12 endoplasms
  3 giant cockroaches
  6 goblins
  7 hobgoblins
  7 jackals
  13 kobolds
  3 quokkas
  9 ball pythons
  A frilled lizard (D:2)
  9 rats
  8 tentacles (Shoals:3)
1532 creatures vanquished.

Vanquished Creatures (collateral kills)
  An ugly thing (Depths:1)
  A tengu conjurer (Depths:1)
2 creatures vanquished.

Vanquished Creatures (others)
  A centaur warrior (Shoals:1)
  A thrashing horror (Abyss:6)
  A deep elf knight (Elf:2)
  A sixfirhy (Abyss:6)
  A steelbarb worm (Spider:4)
  A deep elf zephyrmancer (Elf:3)
  A deep elf pyromancer (Elf:3)
  A faun (Shoals:1)
  3 jumping spiders (Spider:2)
  A naga (Abyss:4)
  An orc (Orc:2)
  3 lost souls (Elf:2)
  2 lurking horrors
  18 starspawn tentacles
  27 tentacles (Shoals:3)
63 creatures vanquished.

Grand Total: 1597 creatures vanquished

Notes
Turn   | Place    | Note
-------+----------+-------------------------------------------
     0 | D:1      | ggggg the Draconian Shapeshifter began the quest for the
                  | Orb.
     0 | D:1      | Reached XP level 1. HP: 16/16 MP: 1/1
   120 | D:1      | Reached XP level 2. HP: 20/23 MP: 2/2
   228 | D:1      | Found Vuhitutuu's Antique Armour Shoppe.
   811 | D:2      | Reached XP level 3. HP: 29/29 MP: 3/3
  1589 | D:3      | Reached XP level 4. HP: 22/36 MP: 4/4
  1693 | D:3      | Noticed Pargi
  1704 | D:3      | Killed Pargi
  1705 | D:3      | Reached skill level 4 in Unarmed Combat
  1705 | D:3      | Reached XP level 5. HP: 42/42 MP: 5/5
  2040 | D:3      | Noticed Sigmund
  2048 | D:3      | Killed Sigmund
  2049 | D:3      | Reached skill level 5 in Unarmed Combat
  2049 | D:3      | Reached XP level 6. HP: 51/51 MP: 6/6
  2095 | D:3      | Found a shimmering blue altar of Sif Muna.
  2658 | D:3      | Noticed Grinder
  2676 | D:3      | Killed Grinder
  2677 | D:3      | Your scales start taking on a dull iron-grey colour.
  2677 | D:3      | Reached XP level 7. HP: 26/58 MP: 7/7
  3280 | D:4      | Identified the +2 short sword "Soderios" {antimagic, rN+}
  3310 | D:4      | Reached skill level 6 in Unarmed Combat
  3330 | D:4      | Found a stormy altar of Qazlal.
  3375 | D:4      | Became a worshipper of Qazlal Stormbringer
  3455 | D:4      | Found a staircase to the Ecumenical Temple.
  3639 | D:4      | Found a shadowy altar of Dithmenos.
  3749 | D:5      | Entered Level 5 of the Dungeon
  3890 | D:5      | Noticed a troll
  3907 | D:5      | Killed a troll
  3908 | D:5      | Reached skill level 1 in Shields
  3908 | D:5      | Reached XP level 8. HP: 17/67 MP: 8/8
  4078 | D:5      | Found a burning altar of Makhleb.
  4186 | D:5      | Noticed Ijyb
  4192 | D:5      | Killed Ijyb
  4247 | D:5      | Reached * piety under Qazlal
  4276 | D:5      | Reached skill level 5 in Fighting
  4276 | D:5      | Reached skill level 7 in Unarmed Combat
  4276 | D:5      | Reached skill level 5 in Shapeshifting
  4850 | D:5      | Found an iron altar of Okawaru.
  5084 | D:6      | Reached XP level 9. HP: 74/74 MP: 9/9
  5162 | D:6      | Noticed Pikel
  5196 | D:6      | Killed Pikel
  5197 | D:6      | Reached skill level 5 in Dodging
  5197 | D:6      | Reached skill level 8 in Unarmed Combat
  5276 | D:6      | Reached ** piety under Qazlal
  5506 | D:6      | Noticed Edmund
  5524 | D:6      | Killed Edmund
  5838 | D:7      | Noticed a kobold demonologist
  5846 | D:7      | Killed a kobold demonologist
  5847 | D:7      | Reached skill level 9 in Unarmed Combat
  5920 | D:7      | Noticed Maurice
  5921 | D:7      | Noticed a deep elf pyromancer
  5949 | D:7      | Killed a deep elf pyromancer
  5950 | D:7      | Reached XP level 10. HP: 37/84 MP: 10/10
  5957 | D:7      | Killed Maurice
  6119 | D:7      | Noticed a cyclops
  6139 | D:7      | Killed a cyclops
  6350 | D:7      | Reached skill level 5 in Shields
  6910 | D:8      | Reached skill level 10 in Unarmed Combat
  7195 | D:8      | Noticed a tengu warrior
  7250 | D:8      | Killed a tengu warrior
  7250 | D:8      | Reached *** piety under Qazlal
  7475 | D:8      | Found a shimmering altar of Xom.
  7595 | D:8      | Identified the +7 long sword of the Dungeon {freeze, rF++
                  | Int+9}
  7750 | D:8      | Reached XP level 11. HP: 91/94 MP: 11/11
  7806 | D:8      | Noticed Maggie
  7820 | D:8      | Killed Maggie
  8376 | D:9      | Noticed Erolcha
  8388 | D:9      | Killed Erolcha
  8647 | D:9      | Reached skill level 11 in Unarmed Combat
  8771 | D:9      | Reached **** piety under Qazlal
  8793 | D:9      | Noticed a two-headed ogre
  8801 | D:9      | Killed a two-headed ogre
  9521 | D:10     | Entered Level 10 of the Dungeon
  9592 | D:10     | Noticed Harold
  9603 | D:10     | Killed Harold
  9880 | D:10     | Found a basalt altar of Yredelemnul.
  9941 | D:10     | Reached skill level 12 in Unarmed Combat
 10085 | D:10     | Got Ennoenoi's Folio of the Storm and Translocation
 10466 | D:11     | Noticed Nergalle
 10473 | D:11     | Killed Nergalle
 10474 | D:11     | Reached XP level 12. HP: 97/104 MP: 12/12
 10854 | D:11     | Noticed a fire dragon
 10864 | D:11     | Noticed a death yak
 10868 | D:11     | Noticed a death yak
 10871 | D:11     | Killed a fire dragon
 10871 | D:11     | Reached ***** piety under Qazlal
 11143 | D:11     | Noticed a two-headed ogre
 11162 | D:11     | Killed a two-headed ogre
 11420 | D:11     | Found a staircase to the Lair.
 11428 | D:11     | Noticed a boulder beetle
 11429 | D:11     | Found a staircase to the Orcish Mines.
 11863 | D:11     | Noticed a death yak
 11872 | D:11     | Killed a death yak
 11880 | D:11     | Killed a death yak
 11884 | D:11     | Killed a death yak
 12261 | D:11     | Killed a boulder beetle
 12262 | D:11     | Reached skill level 13 in Unarmed Combat
 12460 | D:11     | Identified a scroll of acquirement
 12460 | D:11     | Acquired the ring of Tempters {rPois rCorr Stlth+}
 12767 | D:11     | Found a blossoming altar of Fedhas.
 12877 | D:11     | Reached skill level 10 in Fighting
 14111 | D:12     | Identified the staff "Abyps" {rElec Int+7 Air}
 14224 | D:12     | Reached XP level 13. HP: 111/114 MP: 13/13
 14514 | Orc:1    | Entered Level 1 of the Orcish Mines
 14514 | Orc:1    | Noticed an ettin
 15119 | D:11     | Killed an ettin
 15324 | D:13     | Found a gate to the Vaults.
 15408 | D:13     | Found Cimujoir's Book Boutique.
 15778 | D:13     | Found a portal to a secret trove of treasure.
 15864 | D:13     | Reached skill level 14 in Unarmed Combat
 15917 | D:13     | Reached skill level 1 in Invocations
 16222 | D:13     | Found Went's Book Shoppe.
 16352 | D:13     | Found Qeeg's Armour Shop.
 17788 | D:14     | Found Alae's Magic Scroll Shop.
 17796 | D:14     | Bought a scroll of blinking for 97 gold pieces
 18069 | Lair:1   | Entered Level 1 of the Lair of Beasts
 18248 | Lair:1   | Reached XP level 14. HP: 93/124 MP: 16/16
 18400 | Lair:1   | Reached ****** piety under Qazlal
 18473 | Lair:1   | Noticed Sonja
 18476 | Lair:1   | Killed Sonja
 18676 | Lair:1   | Identified the +7 quarterstaff of Karma {freeze, *Slow
                  | rPois Int+5}
 19032 | Lair:2   | Reached skill level 10 in Shapeshifting
 19273 | Lair:2   | Reached skill level 15 in Unarmed Combat
 19296 | Lair:2   | Reached skill level 10 in Dodging
 19477 | Lair:2   | Found a staircase to the Shoals.
 19884 | Lair:3   | Found a gate leading to a gauntlet.
 19946 | Gauntlet | Entered a Gauntlet
 19946 | Gauntlet | Found a transporter.
 19946 | Gauntlet | Found a transporter.
 19946 | Gauntlet | Found a runed translucent door.
 19953 | Gauntlet | Found a runed translucent door.
 19958 | Gauntlet | Found a transporter.
 19961 | Gauntlet | Found a transporter.
 19970 | Gauntlet | Found a transporter.
 19973 | Gauntlet | Found a transporter.
 19981 | Gauntlet | Found a transporter.
 19998 | Gauntlet | Found a transporter.
 20018 | Gauntlet | Found a transporter.
 20022 | Gauntlet | Found a transporter.
 20030 | Gauntlet | Found a transporter.
 20034 | Gauntlet | Found a transporter.
 20038 | Gauntlet | Found a runed translucent door.
 20267 | Gauntlet | Identified the +6 trident of Eternal Vigilance {heavy,
                  | rPois Int-4 Dex+2}
 20278 | Gauntlet | Got Golubria's Precepts of the Door
 20280 | Gauntlet | Identified the +0 hat "Siehoeni" {Rampage rF+}
 20280 | Gauntlet | Identified the +0 robe "Yrrugual" {*Slow rN++ SInv
                  | Archmagi}
 20280 | Gauntlet | Identified the +1 war axe of Depuluhe {drain, Will+}
 20286 | Gauntlet | Got Sif Muna's Precepts of the Charnel Vector
 20792 | Lair:3   | Found a hole to the Spider Nest.
 21119 | Lair:4   | Found a staircase to the Slime Pits.
 21185 | Lair:4   | Noticed Urug
 21190 | Lair:4   | Killed Urug
 21256 | Lair:4   | Reached skill level 10 in Shields
 21272 | Lair:4   | Reached skill level 5 in Invocations
 21347 | Lair:4   | You fall into a shaft and drop 1 floor!
 21347 | Lair:5   | Entered Level 5 of the Lair of Beasts
 22411 | Lair:5   | Acquired 657 gold pieces
 22412 | Lair:5   | Acquired the +4 hat of Qaimatt {Str+7}
 22564 | Lair:5   | Reached XP level 15. HP: 134/134 MP: 19/19
 22798 | Lair:5   | Paralysed by a hornet for 2 turns
 23616 | Orc:1    | Reached skill level 16 in Unarmed Combat
 23797 | Orc:2    | Entered Level 2 of the Orcish Mines
 23815 | Orc:2    | Noticed Rupert
 23825 | Orc:2    | Killed Rupert
 24171 | Orc:2    | Noticed Azrael
 24192 | Orc:2    | Killed Azrael
 24585 | Orc:2    | Found Boibroja's Armour Emporium.
 24730 | Orc:2    | Found Timuleh's Armour Shoppe.
 24778 | Orc:2    | Bought a +2 buckler of cold resistance for 301 gold pieces
 25035 | Orc:2    | Found Ywastic's Antique Armour Boutique.
 25047 | Orc:2    | Bought an embroidered cloak for 157 gold pieces
 25052 | Orc:2    | Found Dyotek's Antique Weapon Shop.
 25459 | Orc:2    | Found a staircase to the Elven Halls.
 25700 | Orc:1    | Found a transporter.
 25700 | Orc:1    | Noticed a juggernaut
 25701 | Orc:1    | Found a transporter.
 25701 | Orc:1    | Found a transporter.
 25701 | Orc:1    | Found a transporter.
 25702 | Orc:1    | Found a transporter.
 25702 | Orc:1    | Found a sparkling altar of Nemelex Xobeh.
 25705 | Orc:1    | Found a transporter.
 25904 | Orc:1    | Killed a juggernaut
 25910 | Orc:1    | Identified the ring of Jippiol {Ice rElec rN++}
 25912 | Orc:1    | Identified the +3 mace "Abeitye" {freeze, Will+ Str+2}
 25986 | Orc:1    | You fall into a shaft and drop 1 floor!
 26190 | D:15     | Entered Level 15 of the Dungeon
 26404 | D:15     | Reached XP level 16. HP: 144/144 MP: 21/21
 26553 | D:15     | Reached skill level 17 in Unarmed Combat
 26722 | D:15     | Found a staircase to the Depths.
 26819 | D:15     | Noticed Josephine
 26828 | D:15     | Killed Josephine
 26845 | D:15     | Noticed Nessos
 26856 | D:15     | Killed Nessos
 27662 | Depths:1 | Entered Level 1 of the Depths
 27806 | Shoals:1 | Entered Level 1 of the Shoals
 27816 | Shoals:1 | Noticed Nikola
 27840 | Shoals:1 | Killed Nikola
 27987 | Shoals:1 | Noticed Mlioglotl
 27999 | Shoals:1 | Killed Mlioglotl
 28339 | Shoals:1 | Noticed Donald
 28350 | Shoals:1 | Killed Donald
 28877 | Shoals:2 | Found Hyinlute's Antique Weapon Boutique.
 29276 | Shoals:2 | Found Axiewnoo's Armour Shoppe.
 29484 | Shoals:3 | Found Moqut's Weapon Shop.
 29487 | Shoals:3 | Noticed a kraken
 29489 | Shoals:3 | Noticed a kraken
 29495 | Shoals:3 | Reached skill level 18 in Unarmed Combat
 29508 | Shoals:3 | Found Oqishaac's Armour Shoppe.
 29524 | Shoals:3 | Noticed a kraken
 29547 | Shoals:3 | Killed a kraken
 29650 | Shoals:3 | Reached XP level 17. HP: 132/152 MP: 22/22
 29704 | Shoals:3 | Found Uluteh's Antique Armour Shop.
 29913 | Shoals:3 | Killed a kraken
 29975 | Shoals:3 | Killed a kraken
 30019 | Shoals:3 | Found Usoefam's Distillery.
 30021 | Shoals:3 | Found Ofa Acag's Assorted Antiques.
 30027 | Shoals:3 | Bought a potion of enlightenment for 75 gold pieces
 30027 | Shoals:3 | Bought 2 potions of curing for 90 gold pieces
 30493 | Shoals:4 | Entered Level 4 of the Shoals
 30673 | Shoals:4 | Got a barnacled rune of Zot
 30733 | Shoals:4 | Found the +2 hood of the Assassin {Detect Stab+ Stlth++}
 30913 | Shoals:4 | Noticed Ilsuiw
 30963 | Shoals:4 | Killed Ilsuiw
 31349 | Shoals:4 | Identified the amulet "Koqynosm" {Faith ^Drain ^Fragile
                  | rPois MP+9}
 31739 | Spider:1 | Entered Level 1 of the Spider Nest
 32172 | Spider:1 | Identified the +4 flail of Defilement {flame, rF+ Str+3
                  | Int+3}
 32318 | Spider:2 | Reached skill level 19 in Unarmed Combat
 32663 | Spider:1 | Reached skill level 15 in Fighting
 32921 | Spider:1 | Reached XP level 18. HP: 163/163 MP: 23/23
 33598 | Spider:2 | Identified the +7 falchion of Wukk {heavy, rC+}
 33609 | Spider:2 | Found a runed translucent gate.
 33611 | Spider:2 | Found a runed translucent gate.
 33612 | Spider:2 | Found a runed translucent gate.
 33613 | Spider:2 | Noticed shadowrider38's ghost (adept SpEn)
 34397 | Spider:2 | Killed shadowrider38's ghost
 34552 | Spider:2 | Identified the +3 helmet of a Gauntlet {rPois Dex+3}
 34659 | Spider:3 | Noticed Louise
 34668 | Spider:3 | Killed Louise
 34775 | Spider:3 | Found a glacial archway.
 34821 | IceCv    | Entered an ice cave
 35101 | IceCv    | Noticed an Ice Fiend
 35102 | IceCv    | Noticed an Ice Fiend
 36162 | Spider:4 | Entered Level 4 of the Spider Nest
 36183 | Spider:4 | Reached skill level 15 in Shapeshifting
 37240 | Spider:4 | Got a gossamer rune of Zot
 37613 | Slime:1  | Entered Level 1 of the Pits of Slime
 37632 | Slime:1  | Gained mutation: You are dopey. (Int -2) [a shining eye]
 37633 | Slime:1  | Gained mutation: You sometimes lose your temper in combat.
                  | [a shining eye]
 37635 | Slime:1  | Gained mutation: Your magical capacity is low. (-10% MP) [a
                  | shining eye]
 38145 | Depths:1 | Reached XP level 19. HP: 162/172 MP: 22/22
 38159 | Depths:1 | Noticed Saint Roka
 38320 | Depths:1 | Killed Saint Roka
 38662 | Depths:1 | HP: 5/172 [deep troll (23)]
 38672 | Depths:1 | Identified the +6 scale mail of the Northern Lights {SInv}
 38970 | D:15     | Lost mutation: You sometimes lose your temper in combat.
                  | [potion of mutation]
 38970 | D:15     | Lost mutation: Your magical capacity is low. (-10% MP)
                  | [potion of mutation]
 38970 | D:15     | Gained mutation: You occasionally shout uncontrollably at
                  | your foes. [potion of mutation]
 38970 | D:15     | Gained mutation: You are vulnerable to cold. (rC-) [potion
                  | of mutation]
 38970 | D:15     | Gained mutation: You have large cloven feet. [potion of
                  | mutation]
 39265 | Depths:1 | Found a gateway to Hell.
 39370 | Depths:1 | Found a runed translucent gate.
 39370 | Depths:1 | Found a runed translucent gate.
 39370 | Depths:1 | Found a runed translucent gate.
 39371 | Depths:1 | Found an opulent altar of Gozag.
 39374 | Depths:1 | Noticed Jimoer's ghost (adept DsHu)
 39641 | Slime:1  | Reached skill level 20 in Unarmed Combat
 39676 | Slime:1  | Lost mutation: You are dopey. (Int -2) [potion of mutation]
 39676 | Slime:1  | Lost mutation: You occasionally shout uncontrollably at
                  | your foes. [potion of mutation]
 39676 | Slime:1  | Gained mutation: Your natural rate of healing is unusually
                  | fast. [potion of mutation]
 39821 | Elf:1    | Entered Level 1 of the Elven Halls
 39956 | Elf:1    | Found Curuf's Distillery.
 39967 | Elf:1    | Bought a potion of heal wounds for 70 gold pieces
 39967 | Elf:1    | Bought a potion of heal wounds for 70 gold pieces
 39986 | Elf:1    | Paralysed by an air elemental for 1 turns
 40101 | Elf:1    | Identified the serpent talisman "Utuaqul" {rC++ Dex+4}
 40101 | Elf:1    | Noticed Aizul
 40112 | Elf:1    | Killed Aizul
 40538 | Elf:2    | Reached skill level 1 in Evocations
 40548 | Elf:2    | Found a runed translucent gate.
 40548 | Elf:2    | Found a runed translucent gate.
 40548 | Elf:2    | Found a runed translucent gate.
 40872 | Elf:2    | Reached skill level 15 in Shields
 40876 | Elf:2    | Found Garit's Antique Armour Shop.
 41058 | Elf:2    | Reached XP level 20. HP: 181/181 MP: 26/26
 41509 | Elf:3    | Entered Level 3 of the Elven Halls
 41991 | Abyss:2  | Cast into level 2 of the Abyss (a deep elf demonologist)
 42013 | Abyss:4  | Found a corrupted altar of Lugonu.
 42015 | Abyss:4  | Found a corrupted altar of Lugonu.
 42065 | Abyss:4  | Found a corrupted altar of Lugonu.
 42109 | Abyss:4  | Found a corrupted altar of Lugonu.
 42112 | Elf:3    | Escaped the Abyss
 42151 | Abyss:4  | Cast into level 4 of the Abyss (a deep elf sorcerer)
 42267 | Abyss:5  | Gained mutation: Your spells are a little easier to cast,
                  | but a little less powerful. [a neqoxec]
 42316 | Abyss:5  | Found a corrupted altar of Lugonu.
 42349 | Abyss:5  | Found a corrupted altar of Lugonu.
 42397 | Elf:3    | Escaped the Abyss
 42768 | Abyss:6  | Cast into level 6 of the Abyss (a deep elf demonologist)
 42769 | Abyss:6  | Noticed a dread lich
 42782 | Abyss:6  | Reached skill level 5 in Evocations
 42786 | Abyss:6  | Killed a dread lich
 42797 | Abyss:6  | Paralysed by accursed screaming for 1 turns
 42798 | Abyss:6  | Gained mutation: Your spells are easier to cast, but less
                  | powerful. [a neqoxec]
 42807 | Abyss:6  | Paralysed by accursed screaming for 1 turns
 42809 | Abyss:6  | Noticed a bone dragon
 42809 | Abyss:6  | Found a corrupted altar of Lugonu.
 42825 | Abyss:6  | Killed a bone dragon
 42825 | Abyss:6  | Noticed a bone dragon
 42870 | Abyss:6  | HP: 2/236 [hellephant/blast of flame (29)]
 42876 | Abyss:6  | Killed a bone dragon
 42916 | Abyss:6  | Reached XP level 21. HP: 58/191 MP: 2/27
 42927 | Abyss:6  | Noticed a dread lich
 42942 | Abyss:6  | Killed a dread lich
 42947 | Abyss:6  | HP: 12/248 [starcursed mass/accursed screaming (9)]
 42953 | Abyss:6  | HP: 4/248 [starcursed mass/accursed screaming (8)]
 42959 | Abyss:6  | HP: 1/248 [starcursed mass/accursed screaming (9)]
 42964 | Abyss:6  | Killed from afar by a starcursed mass

Illustrated notes

Levels and vault maps discovered:
D:1:      ebering_trefoil_twist, layout_basic, serial_shops,
          nicolae_shop_real_fake_doors
D:2:      layout_basic
D:3:      layout_loops_ring, lemuel_blue_sif_altar, uniq_sigmund, uniq_grinder,
          uniq_pargi
D:4:      layout_rooms, mainiacjoe_overflow_tiny_flanked, kennysheep_mini_moat,
          minmay_temple_entry_fiery
D:5:      layout_loops_cross, makhleb_heckhound_becter,
          kennysheep_okawaru_gauntlet, nrook_uturn, grunt_ministairs_8,
          uniq_ijyb
D:6:      layout_rooms, uniq_pikel, uniq_edmund
D:7:      layout_basic, kb_rosetta, uniq_maurice
D:8:      minmay_chambers_of_fours, layout_basic, general_overflow_altar,
          serial_ice, serial_ice_h, serial_ice_n, serial_ice_c, serial_ice_f,
          serial_ice_k, serial_ice_d, chequers_decorated_corner, uniq_maggie
D:9:      layout_loops_corners, grunt_ministairs_10, uniq_erolcha
D:10:     layout_irregular_city, lemuel_zombie_altar_yredelemnul, uniq_harold
D:11:     minmay_firetagon, layout_long_grid, dpeg_lair_monsters, orc_0_dummy,
          dreamdust_mushroom_princess, tgw_fedhas, uniq_nergalle
D:12:     layout_loops_cross
D:13:     layout_rooms, david_vaults_3, nicolae_trove_entry_crossroad,
          serial_shops, nicolae_shop_hallway_stairs, shop, shop
D:14:     layout_basic, serial_shops, shop, kennysheep_generic_room_10
D:15:     gammafunk_enter_depths_forms, layout_basic, uniq_josephine,
          uniq_nessos
Lair:1:   layout_concentric_octagons, infiniplex_staircase_pool,
          grunt_megastairs_5, uniq_sonja
Lair:2:   layout_roguey, minmay_shoals_entry_beasts, infiniplex_staircase_pool_2
Lair:3:   hellmonk_ruined_rings, layout_chaotic_city, spider_nest_entry_a,
          gauntlet_entry_generic, chequers_serial_rivers_large_b,
          nicolae_lair_lil_pond
Lair:4:   layout_gridlike, nicolae_slime_entry_slimehenge, uniq_urug
Lair:5:   guppyfry_lair_end_dragon, layout_gridlike, wormcave,
          eino_small_chamber_without_monster, st_stairs_4, fungi_pond_lemuel,
          serial_bayou_lagoon_a, chequers_serial_rivers_micro_c,
          serial_bayou_crossing, serial_bayou_shore_b
Shoals:1: layout_shoals, nicolae_shoals_lost_giant_temple,
          nicolae_shoals_shepherds, uniq_nikola, uniq_mlioglotl, uniq_donald
Shoals:2: layout_shoals, serial_shops, shop, nicolae_shop_advertising_works
          [nicolae_subvault_shop_adworks], argonaut_gorgonesque
Shoals:3: layout_shoals, serial_shops, shop, nicolae_shop_hallway_plus,
          nicolae_shop_tiny_waterfront, nicolae_stop_n_shop_1,
          nicolae_shop_rolling_square
Shoals:4: shoals_end_hangedman, layout_shoals, shoals_ilsuiw_ice,
          nicolae_shoals_undead_eyrie
Spider:1: layout_spider_delve
Spider:2: layout_spider_delve, gammafunk_ghost_tricky_traps
Spider:3: layout_spider_delve, portal_ice_cave_entry_ugly_swarm, uniq_louise
Spider:4: spider_rune_water, drop_trap
Slime:1:  layout_caves
Slime:2:  layout_caves, nicolae_slime_getting_an_eyeful
Orc:1:    layout_caves, hellmonk_jugg_or_not
Orc:2:    pubby_orc_utopia, serial_shops, uniq_rupert, uniq_azrael
Elf:1:    minmay_elf_arrival_plus, layout_rooms, serial_shops,
          nicolae_shop_crystal, nicolae_elf_crossing_hall, grunt_megastairs_2,
          uniq_aizul
Elf:2:    elven_hall_of_blades_hangedman_original
          [nicolae_blade_entry_antechamber], layout_geoelf_octagon,
          serial_shops, nicolae_shop_statue_plus, nicolae_elf_deep_mausoleum
Elf:3:    minmay_elf_hall_golems, layout_loops_corners
Depths:1: layout_cave_pools, hangedman_geh_valley, ebering_ghost_gozag,
          kennysheep_generic_room_5, uniq_saint_roka
Abyss:6:  base: Zot:2, base: Depths:4, evilmike_abyss_rune_ettins, minivault_4,
          patterned_corridor, base: D:15, hangedman_abyss_theft,
          hangedman_abyss_or_decor_clamps, minivault_1,
          small_statue_intersection, hangedman_abyss_overflow_altar,
          doesnt_abyss_rune_brain_food, doesnt_abyss_rune_brain_food,
          spicy_abyss_unhelpful_harpoons, spicy_pingpong_abyss_rune

Skill      XL: |  1  2  3  4  5  6  7  8  9 10 11 12 13 14 15 16 17 18 19 20 21 |
---------------+----------------------------------------------------------------+-----
Dodging        | 2 3 4 5 6 7 8 9 10 11 12 13 14 | 14.6
Fighting       | 2 3 4 5 6 7 9 10 11 12 13 14 15 16 17 | 17.2
Unarmed Combat | 4 5 6 7 9 10 12 13 14 15 16 18 19 20 | 20.8
Shapeshifting  | 4 5 6 7 8 9 10 11 13 14 15 16 17 18 | 18.1
Shields        | 1 2 4 5 7 8 9 10 11 13 15 16 | 16.6
Invocations    | 3 5 7 8 |  8.6
Evocations     | 2 5 |  5.8

Action                     |  1- 3 |  4- 6 |  7- 9 | 10-12 | 13-15 | 16-18 | 19-21 || total
---------------------------+-------+-------+-------+-------+-------+-------+-------++-------
  Melee: Unarmed           |    85 |    72 |   331 |   712 |  1155 |  1234 |   703 ||  4292
         Tailslap          |    12 |     7 |    54 |   150 |   215 |   231 |   116 ||   785
         Punch             |       |     1 |     3 |       |       |       |       ||     4
         Maw               |       |       |       |       |   249 |   394 |    31 ||   674
         Constrict         |       |       |       |       |     1 |       |       ||     1
         Kick              |       |       |       |       |       |       |   186 ||   186
  Throw: Dart              |       |       |     1 |     2 |       |       |       ||     3
         Javelin           |       |       |       |     2 |     2 |       |       ||     4
 Invoke: Disaster Area     |       |       |       |       |     1 |     3 |     2 ||     6
         Upheaval          |       |       |       |       |     1 |     1 |    11 ||    13
         Elemental Force   |       |       |       |       |       |     1 |     1 ||     2
  Evoke: Wand              |       |     3 |    26 |    15 |     8 |     6 |     3 ||    61
         Lightning rod     |       |       |       |       |     5 |     4 |     2 ||    11
         Box of beasts     |       |       |       |       |       |     1 |     2 ||     3
    Use: Potion            |       |     3 |     2 |     3 |     1 |     9 |    29 ||    47
         Scroll            |       |       |     1 |    17 |    16 |    10 |    21 ||    65
   Stab: Sleeping          |     1 |     1 |     1 |       |       |       |       ||     3
         Distracted        |     2 |       |       |       |       |       |       ||     2
         Confused          |       |       |       |       |     1 |       |       ||     1
         Invisible         |       |       |       |       |       |       |     4 ||     4
 Armour: Skin              |    47 |    50 |   190 |   252 |   416 |   827 |   530 ||  2312
  Dodge: Dodged            |    47 |    42 |   160 |   222 |   276 |   469 |   337 ||  1553
         Repelled          |       |       |       |     3 |    11 |     9 |    27 ||    50
  Block: Buckler           |       |       |    70 |    78 |       |       |       ||   148
         Kite shield       |       |       |       |   332 |  1081 |   141 |       ||  1554
         Reflection        |       |       |       |       |    43 |    73 |    79 ||   195
         Tower shield      |       |       |       |       |       |  2038 |  1430 ||  3468
         Other             |       |       |       |       |       |     1 |       ||     1
   Form: Beast             |     1 |       |       |       |     2 |       |       ||     3
         Maw               |       |       |       |       |     2 |       |       ||     2
                           |       |       |       |       |     1 |       |       ||     1
         Serpent           |       |       |       |       |     1 |       |       ||     1
         Statue            |       |       |       |       |       |       |     1 ||     1
